 Dungeon Crawl Stone Soup version 0.22-a0-422-g9628fc8 (webtiles) character file.

203 iamserjio the Poker (level 5, -1/38 HPs)
             Began as a Merfolk Skald on May 16, 2018.
             Slain by galech's ghost (5 damage)
             ... on level 3 of the Dungeon.
             The game lasted 00:08:52 (4415 turns).

iamserjio the Poker (Merfolk Skald)                 Turns: 4415, Time: 00:08:53

Health: -1/38      AC:  6    Str: 12    XL:     5   Next: 81%
Magic:  5/8        EV: 10    Int: 13    God:
Gold:   192        SH:  0    Dex: 13    Spells: 5/8 levels left

rFire    . . .     SeeInvis .   a - +0 spear
rCold    . . .     Gourm    .   (no shield)
rNeg     . . .     Faith    .   o - +0 scale mail
rPois    .         Spirit   .   (no helmet)
rElec    .         Reflect  .   (no cloak)
rCorr    .         Harm     .   (no gloves)
MR       .....                  (no boots)
Stlth    ..........             (no amulet)
HPRegen  0.12/turn              (no ring)
MPRegen  0.11/turn              (no ring)

@: no status effects
A: change form in water, swift swim, stealthy swim
a: no special abilities


You were on level 3 of the Dungeon.
You were not hungry.

You visited 1 branch of the dungeon, and saw 4 of its levels.

You collected 192 gold pieces.

Inventory:

Hand Weapons
 a - a +0 spear (weapon)
Armour
 b - a +0 leather armour
 o - a +0 scale mail (worn)
 u - a +2 robe of magic resistance
Scrolls
 c - a scroll of random uselessness {unknown}
 f - 3 scrolls of identify {unknown}
 g - 2 scrolls of remove curse {unknown}
 h - a scroll of immolation {unknown}
 j - 3 scrolls of blinking {unknown}
 m - a scroll of enchant weapon {unknown}
 n - 2 scrolls of teleportation {unknown}
 q - a scroll of amnesia {unknown}
 r - a scroll of enchant armour {unknown}
 s - a scroll of noise {unknown}
Potions
 e - a potion of heal wounds {unknown}
 i - a potion of haste {unknown}
 k - a potion of curing {unknown}
 l - 2 potions of lignification {unknown}
 p - 2 potions of might {unknown}
 t - a potion of berserk rage {unknown}
Comestibles
 d - 6 rations


   Skills:
 + Level 2.1 Fighting
 * Level 6.3 Polearms
 - Level 0.6 Armour
 + Level 4.4 Dodging
 - Level 2.0 Spellcasting
 + Level 4.4 Charms


You had 5 spell levels left.
You knew the following spells:

 Your Spells              Type           Power        Failure   Level  Hunger
a - Infusion              Chrm           ##..         22%         1    ##.....
b - Shroud of Golubria    Chrm/Tloc      #.........   63%         2    ###....

Your spell library contained the following spells:

 Spells                   Type           Power        Failure   Level  Hunger
 Regeneration             Chrm/Necr      #.........   86%         3    ####...
 Song of Slaying          Chrm           ##......     32%         2    ###....
 Spectral Weapon          Hex/Chrm       #.......     86%         3    ####...


Dungeon Overview and Level Annotations

Branches:
Dungeon (4/15)
 Temple: D:4-7

Altars:
Gozag
Qazlal
Uskayaw

Annotations:
D:3 galech's ghost, amateur GnWn


Message History

Galech's ghost hits you!
* * * LOW HITPOINT WARNING * * *
You barely miss galech's ghost.
Galech's ghost is almost destroyed.
Galech's ghost hits you but does no damage.
Your scale mail prevents you from hitting galech's ghost.
Galech's ghost is almost destroyed.
Galech's ghost hits you.
* * * LOW HITPOINT WARNING * * *
You miss galech's ghost.
Galech's ghost is almost destroyed.
You closely miss galech's ghost.
Galech's ghost is almost destroyed.
Galech's ghost hits you.
* * * LOW HITPOINT WARNING * * *
Galech's ghost whispers, "Meet the emptiness of death!"
You see here 9 gold pieces.
There is a stone staircase leading up here.
Galech's ghost hits you.
You die...

.#
#........#.#.#.#.####.##)#..##
##
#................##...##....#
#........#..........#.####.(#
#......(.#..............##..#
####.###.........###........#
#. ###.......# #.##.###... #.
#.#####.##.#....# ###
#.##.W$...###...#
#.##@##.##.#....# #.......#
.##### #......[# .##
##....)###. #.....# #.....#
#######


You could see galech's ghost.

Vanquished Creatures
  A bullfrog skeleton (D:3)
  An orc wizard (D:3)
  Jessica (D:3)
  3 adders
  2 oozes (D:1)
  3 worms (D:2)
  A dart slug (D:1)
  4 leopard geckos
  7 orcs
  A ball python (D:1)
  4 bats
  A giant cockroach (D:3)
  4 goblins
  7 hobgoblins
  3 jackals (D:2)
  2 quokkas
  5 frilled lizards
  9 kobolds
  7 rats
66 creatures vanquished.

Notes
Turn   | Place    | Note
-------+----------+-------------------------------------------
     0 | D:1      | iamserjio the Merfolk Skald began the quest for the Orb.
     0 | D:1      | Reached XP level 1. HP: 16/16 MP: 3/3
   165 | D:1      | Reached XP level 2. HP: 22/22 MP: 5/5
   275 | D:1      | Reached skill level 4 in Polearms
   730 | D:1      | Reached XP level 3. HP: 19/27 MP: 6/6
  1190 | D:2      | Learned a level 2 spell: Shroud of Golubria
  1262 | D:2      | HP: 1/27 [leopard gecko (4)]
  1592 | D:2      | Found a hide-covered altar of Uskayaw.
  1673 | D:2      | Reached XP level 4. HP: 22/33 MP: 7/7
  1983 | D:2      | Reached skill level 5 in Polearms
  2234 | D:2      | Found a stormy altar of Qazlal.
  2724 | D:3      | Noticed galech's ghost (amateur GnWn)
  3305 | D:3      | Noticed Jessica
  3317 | D:3      | Reached XP level 5. HP: 27/38 MP: 1/8
  3328 | D:3      | Reached skill level 6 in Polearms
  3576 | D:3      | Killed Jessica
  3930 | D:3      | Noticed an ogre
  4037 | D:3      | Found an opulent altar of Gozag.
  4415 | D:3      | Slain by galech's ghost

Vault maps used:
D:1:      dpeg_arrival_short_road
D:2:      old_standard_altar, old_standard_altar, first_ration
D:3:      nicolae_gozag_seed_capital, chequers_temple_overflow_minitemple,
          chequers_ecumenical_altar_twisty, grunt_decor_cap,
          kennysheep_generic_room_11, uniq_jessica
D:4:      solitary_fountain

Skill      XL: |  1  2  3  4  5 |
---------------+----------------+-----
Dodging        | 3 4 |  4.4
Polearms       | 4 5 6 |  6.3
Charms         | 4 |  4.4
Fighting       | |  2.1
Armour         | |  0.6
Spellcasting   | |  2.0

Action                   |  1- 3 |  4- 6 || total
-------------------------+-------+-------++-------
Melee: Spear             |   136 |   280 ||   416
 Cast: Infusion          |     2 |     9 ||    11
       Shroud of Golubri |       |     4 ||     4
 Stab: Sleeping          |     1 |       ||     1
  Eat: Chunk             |     2 |     4 ||     6
       Ration            |       |     2 ||     2
Armor: Leather armour    |    22 |    14 ||    36
       Scale mail        |       |    70 ||    70
Dodge: Dodged            |    84 |   114 ||   198

Table legend:
 A = Spawn XP
 B = Non-spawn XP
 C = Spawn XP percentage of total XP
 D = Spawn monster count
 E = Non-spawn monster count
 F = Spawn count percentage of total count
 G = Total turns spent on level
                    A         B        C        D         E        F      G
               +---------+---------+-------+---------+---------+-------+---------
         Total |       0 |     290 |   0.0 |       0 |      66 |   0.0 |  4415
               +---------+---------+-------+---------+---------+-------+---------
           D:1 |       0 |      37 |   0.0 |       0 |      14 |   0.0 |   960
           D:2 |       0 |      91 |   0.0 |       0 |      35 |   0.0 |  2656
           D:3 |       0 |     159 |   0.0 |       0 |      16 |   0.0 |   577
           D:4 |       0 |       3 |   0.0 |       0 |       1 |   0.0 |   222
               +---------+---------+-------+---------+---------+-------+---------
